 Dungeon Crawl Stone Soup version 0.29.0-5-ge4962eb29e (webtiles) character file.

Game seed: 13492495558328638962

597 themarg the Prestidigitator (level 7, -5/53 HPs)
             Began as a Gnoll Wanderer on Aug 29, 2022.
             Was an Initiate of Nemelex Xobeh.
             Slain by Prince Ribbit (14 damage)
             ... on level 5 of the Dungeon.
             The game lasted 00:12:37 (4312 turns).

themarg the Prestidigitator (Gnoll Wanderer)        Turns: 4312, Time: 00:12:38

Health: -5/53      AC: 11    Str: 16    XL:     7   Next: 40%
Magic:  10/10      EV: 12    Int:  8    God:    Nemelex Xobeh [......]
Gold:   172        SH:  0    Dex: 12    Spells: 11/11 levels left

rFire   . . .      SeeInvis +   y - +9 whip of Defence {venom, SInv}
rCold   . . .      Faith    .   (no shield)
rNeg    . . .      Spirit   .   f - +0 leather armour
rPois   +          Reflect  .   v - +0 helmet
rElec   .          Harm     .   (no cloak)
rCorr   .          Rampage  .   H - +0 pair of gloves
Will    .....                   x - +1 pair of boots
Stlth   ++........              (no amulet)
HPRegen 0.17/turn               k - ring of poison resistance
MPRegen 0.12/turn               B - +4 ring of protection

@: no status effects
A: fangs 1, strong nose, distributed training
a: Renounce Religion, Draw Escape, Draw Destruction, Draw Summoning


You were on level 5 of the Dungeon.
You worshipped Nemelex Xobeh.
Nemelex Xobeh was noncommittal.
You visited 2 branches of the dungeon, and saw 6 of its levels.

You collected 172 gold pieces.

Inventory:

Hand Weapons
 a - a +0 spear
 d - a +0 dagger
 y - the +9 whip of Defence (weapon) {venom, SInv}
   (You found it on level 3 of the Dungeon)

   It poisons the flesh of those it strikes.
   SInv:      It lets you see invisible.
Missiles
 c - 10 boomerangs (quivered)
 q - 5 poisoned darts
Armour
 f - a +0 leather armour (worn)
 v - a +0 helmet (worn)
 x - a +1 pair of boots (worn)
 H - a +0 pair of gloves (worn)
Jewellery
 k - a ring of poison resistance (left hand)
 B - a +4 ring of protection (right hand)
Wands
 b - a wand of polymorph (20)
 z - a wand of mindburst (14)
 E - a wand of flame (21)
Scrolls
 e - a scroll of silence
 h - a scroll of enchant weapon {unknown}
 j - 4 scrolls of identify {unknown}
 m - 2 scrolls of teleportation {unknown}
 o - a scroll of torment {unknown}
 u - a scroll of enchant armour {unknown}
 C - 2 scrolls of vulnerability {unknown}
 D - a scroll of magic mapping {unknown}
 F - a scroll of blinking {unknown}
 G - a scroll of noise {unknown}
Potions
 g - 2 potions of invisibility {unknown}
 i - 3 potions of might {unknown}
 l - a potion of brilliance {unknown}
 n - 2 potions of mutation {unknown}
 p - a potion of heal wounds {unknown}
 r - a potion of berserk rage {unknown}
 s - 2 potions of curing {unknown}
 t - a potion of haste {unknown}
 w - a potion of magic {unknown}
 A - a potion of degeneration {unknown}
 I - a potion of attraction {unknown}


   Skills:
 + Level 3.7 Fighting
 + Level 2.5 Short Blades
 + Level 2.5 Long Blades
 + Level 2.5 Axes
 + Level 2.5 Maces & Flails
 + Level 5.3 Polearms
 + Level 2.5 Staves
 + Level 2.5 Ranged Weapons
 + Level 3.7 Throwing
 + Level 3.7 Armour
 + Level 2.5 Dodging
 + Level 2.5 Stealth
 + Level 2.5 Shields
 + Level 2.5 Unarmed Combat
 + Level 2.5 Spellcasting
 + Level 2.1 Conjurations
 + Level 2.1 Hexes
 + Level 2.1 Summonings
 + Level 2.1 Necromancy
 + Level 2.1 Translocations
 + Level 2.1 Transmutations
 + Level 2.1 Fire Magic
 + Level 2.1 Ice Magic
 + Level 2.1 Air Magic
 + Level 2.1 Earth Magic
 + Level 2.1 Poison Magic
 + Level 3.9 Invocations
 + Level 8.9 Evocations


You had 11 spell levels left.
You didn't know any spells.
Your spell library contained the following spells:

 Spells                   Type           Power      Damage    Failure   Level
 Sandblast                Erth           8%         2d5       17%         1
 Passwall                 Tmut/Erth      3%         N/A       26%         2
 Stone Arrow              Conj/Erth      8%         3d7       45%         3


Dungeon Overview and Level Annotations

Branches:
Dungeon (5/15)             Temple (1/1) D:4

Altars:
Ashenzari
Dithmenos
Gozag
Kikubaaqudgha
Nemelex Xobeh
Qazlal
Ru
Sif Muna
Uskayaw
Xom

Annotations:
D:5 Prince Ribbit


Innate Abilities, Weirdness & Mutations

You have very sharp teeth.
Your uncanny sense of smell can sniff out nearby items.
Your experience applies equally to all skills.


Message History

There is a stone staircase leading down here.
You climb downwards.
Level annotation: Prince Ribbit
Found a fizzy sapphire potion, 4 stones and 11 gold pieces.
Found an escape hatch in the ceiling.
Found a stone staircase leading down.
There is a stone staircase leading up here.
I - a fizzy sapphire potion
There is a stone staircase leading up here.
The hound barks!
The hound closely misses you. The hound completely misses you.
You miss the hound. The hound bites you but does no damage.
You whack the hound!
The hound is poisoned.
Your bite misses the hound.
The hound is almost dead.
The hound barely misses you.
Prince Ribbit blinks!
You closely miss the hound.
The hound is almost dead.
You kill the hound!
There is a stone staircase leading up here.
You closely miss Prince Ribbit. Your bite misses Prince Ribbit.
Prince Ribbit barely misses you. Prince Ribbit hits you.
You whack Prince Ribbit!
Prince Ribbit is poisoned.
Your bite misses Prince Ribbit.
Prince Ribbit is moderately wounded.
Prince Ribbit hits you!
You whack Prince Ribbit!
Prince Ribbit looks as sick as possible!
Prince Ribbit is heavily wounded.
Prince Ribbit hits you!
You hit Prince Ribbit.
Prince Ribbit looks as sick as possible!
Prince Ribbit is severely wounded.
Prince Ribbit hits you!
* * * LOW HITPOINT WARNING * * *
Prince Ribbit hits you.
* * * LOW HITPOINT WARNING * * *
You miss Prince Ribbit. You bite Prince Ribbit.
Prince Ribbit is almost dead.
Prince Ribbit hits you!
You die...
Your body disappears without a glow.

...(....###...##.#...
.$.......##......#...
......#...#........# .
....###............#..
... ##........###...
.. ∆ #..............^
# #.#.........##..
...#......†......
.........@........
.........F.#.......
........?..##......
.....$.... ...##.
.......... ...#
.......... ###
.......... ...........


You could see Prince Ribbit (extremely poisoned).

Vanquished Creatures
  Sigmund (D:3)
  Edmund (D:4)
  A phantom (D:4)
  2 hounds
  A jelly (D:4)
  An orc priest (D:3)
  An iguana (D:4)
  2 adders
  3 worms
  6 dart slugs (D:3)
  3 orcs (D:3)
  8 bats
  7 endoplasms
  A giant cockroach (D:4)
  9 goblins
  7 hobgoblins
  3 quokkas
  8 ball pythons
  3 frilled lizards
  6 kobolds
  6 rats
80 creatures vanquished.

Notes
Turn   | Place    | Note
-------+----------+-------------------------------------------
     0 | D:1      | themarg the Gnoll Wanderer began the quest for the Orb.
     0 | D:1      | themarg set off with the following items: a +0 spear, a
                  | wand of polymorph (20), 8 boomerangs, a +0 dagger, a scroll
                  | of silence, a +0 leather armour.
     0 | D:1      | Reached XP level 1. HP: 17/17 MP: 2/2
   220 | D:1      | You fall into a shaft and drop 1 floor!
   311 | D:2      | Reached XP level 2. HP: 23/23 MP: 3/3
  1178 | D:2      | Reached XP level 3. HP: 28/28 MP: 4/4
  1372 | D:2      | Reached skill level 1 in Short Blades
  1372 | D:2      | Reached skill level 1 in Long Blades
  1372 | D:2      | Reached skill level 1 in Axes
  1372 | D:2      | Reached skill level 1 in Maces & Flails
  1372 | D:2      | Reached skill level 1 in Staves
  1372 | D:2      | Reached skill level 1 in Ranged Weapons
  1372 | D:2      | Reached skill level 1 in Dodging
  1372 | D:2      | Reached skill level 1 in Stealth
  1372 | D:2      | Reached skill level 1 in Shields
  1372 | D:2      | Reached skill level 1 in Unarmed Combat
  1372 | D:2      | Reached skill level 1 in Spellcasting
  2007 | D:2      | Reached XP level 4. HP: 33/34 MP: 6/6
  2302 | D:3      | Identified the +9 whip of Defence {venom, SInv}
  2411 | D:3      | Reached skill level 1 in Conjurations
  2411 | D:3      | Reached skill level 1 in Hexes
  2411 | D:3      | Reached skill level 1 in Summonings
  2411 | D:3      | Reached skill level 1 in Necromancy
  2411 | D:3      | Reached skill level 1 in Translocations
  2411 | D:3      | Reached skill level 1 in Transmutations
  2411 | D:3      | Reached skill level 1 in Fire Magic
  2411 | D:3      | Reached skill level 1 in Ice Magic
  2411 | D:3      | Reached skill level 1 in Air Magic
  2411 | D:3      | Reached skill level 1 in Earth Magic
  2411 | D:3      | Reached skill level 1 in Poison Magic
  2633 | D:3      | Noticed Sigmund
  2661 | D:3      | Found a faded altar of an unknown god.
  2915 | D:3      | Reached XP level 5. HP: 40/40 MP: 7/7
  3024 | D:3      | Killed Sigmund
  3025 | D:3      | Reached skill level 5 in Polearms
  3025 | D:3      | Reached XP level 6. HP: 47/47 MP: 8/8
  3370 | D:4      | Found a staircase to the Ecumenical Temple.
  3378 | Temple   | Entered the Ecumenical Temple
  3638 | Temple   | Became a worshipper of Nemelex Xobeh the Trickster
  3899 | D:4      | Reached XP level 7. HP: 52/52 MP: 10/10
  3899 | D:4      | Noticed Edmund
  3908 | D:4      | Killed Edmund
  4278 | D:5      | Entered Level 5 of the Dungeon
  4278 | D:5      | Noticed Prince Ribbit
  4312 | D:5      | Slain by Prince Ribbit

Illustrated notes

Levels and vault maps discovered:
D:1:      kilobyte_arrival_exit_the_forest, layout_basic, minmay_pentomino_z2
D:2:      layout_basic, minmay_split_cup_small
D:3:      kennysheep_slugbush, layout_basic,
          shapermc_ecumenical_altar_notcrosses, uniq_sigmund
D:4:      layout_cave_pools, minmay_temple_entry_glassed_door, uniq_edmund
D:5:      layout_cave_pools, okawaru_ov_weapons_minmay, uniq_prince_ribbit1
Temple:   jpeg_temple_alley_garden

Skill      XL: |  1  2  3  4  5  6  7 |
---------------+----------------------+-----
Short Blades   | 1 2 |  2.5
Long Blades    | 1 2 |  2.5
Axes           | 1 2 |  2.5
Maces & Flails | 1 2 |  2.5
Staves         | 1 2 |  2.5
Ranged Weapons | 1 2 |  2.5
Dodging        | 1 2 |  2.5
Stealth        | 1 2 |  2.5
Shields        | 1 2 |  2.5
Unarmed Combat | 1 2 |  2.5
Spellcasting   | 1 2 |  2.5
Conjurations   | 1 2 |  2.1
Hexes          | 1 2 |  2.1
Summonings     | 1 2 |  2.1
Necromancy     | 1 2 |  2.1
Translocations | 1 2 |  2.1
Transmutations | 1 2 |  2.1
Fire Magic     | 1 2 |  2.1
Ice Magic      | 1 2 |  2.1
Air Magic      | 1 2 |  2.1
Earth Magic    | 1 2 |  2.1
Poison Magic   | 1 2 |  2.1
Invocations    | 3 |  3.9
Fighting       | 3 |  3.7
Polearms       | 5 |  5.3
Throwing       | 3 |  3.7
Armour         | 3 |  3.7
Evocations     | |  8.9

Action                   |  1- 3 |  4- 6 |  7- 9 || total
-------------------------+-------+-------+-------++-------
Melee: Spear             |   163 |    27 |       ||   190
       Bite              |     8 |     6 |     3 ||    17
       Whip              |       |    82 |    21 ||   103
       Punch             |       |     2 |       ||     2
 Stab: Sleeping          |       |       |     2 ||     2
Armor: Leather armour    |    31 |    40 |     4 ||    75
Dodge: Dodged            |    74 |    59 |     7 ||   140
